 Dungeon Crawl Stone Soup version 0.31-a0-524-g2a164cf6a2 (webtiles) character file.

Game seed: 18183061503364872271

143105 Gargoyl the Severer (level 17, -4/113 HPs)
             Began as a Gargoyle Berserker on Aug 12, 2023.
             Was an Elder of Trog.
             Slain by a goliath frog (12 damage)
             ... on level 2 of the Swamp.
             The game lasted 00:37:46 (24781 turns).

Gargoyl the Severer (Gargoyle Berserker)           Turns: 24781, Time: 00:37:48

Health: -4/113     AC: 30    Str: 30    XL:     17   Next: 36%
Magic:  17/17      EV:  9    Int:  8    God:    Trog [****..]
Gold:   1881       SH:  0    Dex: 11    Spells: 16/16 levels left

rFire   + + +        k - +3 war axe (flame)
rCold   . . .        s - +0 tower shield "Dyzyog" {rPois}
rNeg    + . .        y - +6 plate armour of Cijun {rF+}
rPois   ∞            (no helmet)
rElec   +            A - scarf {repulsion}
rCorr   .            U - +2 pair of gloves {Str+3}
SInv    .            (no boots)
Will    +++..        (no amulet) Stlth
                     f - ring of protection from fire
HPRegen 1.38/turn    x - ring "Utischaegh" {Wiz rF+}
MPRegen 0.15/turn

%: repel missiles, wizardry (x1)
@: confused, ambrosia-drunk, strong-willed, corroded, on berserk cooldown,
flying, regenerating, slowed, very slow
A: sickness immunity, AC +12, big wings, negative energy resistance 1,
electricity resistance, torment resistance 1, petrification resistance, subdued
magic 1
a: Renounce Religion, Berserk, Trog's Hand, Brothers in Arms


You were on level 2 of the Swamp.
You worshipped Trog.
Trog was greatly pleased with you.
You visited 4 branches of the dungeon, and saw 24 of its levels.
You visited the Abyss 1 time.

You collected 2675 gold pieces.
You spent 794 gold pieces at shops.

Inventory:

Hand Weapons
 k - a +3 war axe of flaming (weapon)
 H - a +1 spear of freezing
 I - a +0 heavy war axe
Missiles
 M - 32 poisoned darts (quivered)
 N - 4 throwing nets
Armour
 i - a +2 helmet
 s - the +0 tower shield "Dyzyog" (worn) {rPois}
   (You found it on level 5 of the Dungeon)

   rPois:     It protects you from poison
 y - the +6 plate armour of Cijun (worn) {rF+}
   (You found it on level 11 of the Dungeon)

   rF+:       It protects you from fire.
 A - a scarf of repulsion (worn)
 U - a +2 pair of gloves of strength (worn)
Jewellery
 f - a ring of protection from fire (left hand)
 j - a ring of see invisible
 m - a ring of magical power
 x - the ring "Utischaegh" (right hand) {Wiz rF+}
   (You found it on level 6 of the Dungeon)

   [ring of wizardry]

   Wiz:       It improves your spell success rate.
   rF+:       It protects you from fire.
 P - a ring of ice
 S - a ring of protection from fire
Wands
 d - a wand of charming (16)
 e - a wand of polymorph (7)
 q - a wand of mindburst (26)
 u - a wand of flame (39)
 v - a wand of digging (8)
 z - a wand of acid (5)
 J - a wand of roots (18)
Scrolls
 a - a scroll of identify
 r - 2 scrolls of poison
 t - 3 scrolls of fear
 w - 10 scrolls of revelation
 B - 2 scrolls of teleportation
 C - a scroll of blinking
 K - 4 scrolls of enchant armour
 L - 2 scrolls of fog
Potions
 b - 20 potions of curing
 c - 7 potions of cancellation
 g - 5 potions of resistance
 h - a potion of mutation
 l - 4 potions of lignification
 n - 2 potions of might
 o - a potion of invisibility
 p - 2 potions of magic
 D - 2 potions of berserk rage
 E - 9 potions of ambrosia
 G - 2 potions of haste
 O - 2 potions of enlightenment
 R - 4 potions of brilliance


   Skills:
 + Level 15.0 Fighting
 + Level 2.3 Long Blades
 + Level 17.2 Axes
 + Level 0.8(11.3) Polearms
 + Level 1.0 Throwing
 + Level 13.5 Armour
 + Level 5.6 Dodging
 + Level 2.6 Stealth
 + Level 16.9 Shields


You had 16 spell levels left.
You didn't know any spells.
Your spell library was empty.

Dungeon Overview and Level Annotations

Branches:
Dungeon (15/15)            Temple (0/1) D:7            Lair (5/5) D:11
  Swamp (2/4) Lair:2       Spider (0/4) Lair:3        Slime (0/5) Lair:4
    Orc (2/2) D:11            Elf (0/3) Orc:2        Vaults (0/5) D:13
 Depths (0/4) D:15

Altars:
Cheibriados
Dithmenos
Elyvilon
Gozag
Hepliaklqana
Kikubaaqudgha
Nemelex Xobeh
Qazlal
Ru
Uskayaw
Wu Jian
Xom
Jiyva

Shops:
D:2 (   D:7 *   D:9 *   D:11 ([   D:12 !   Orc:2 *[(?

Portals:
Abyss: D:4
Trove: D:10 (give +4 storm dragon scales)

Annotations:
D:4 2 transporters, ouz's ghost, amateur VSBr
Swamp:2 1 transporter


Innate Abilities, Weirdness & Mutations

You are immune to sickness and miasma.
Your stone body is resilient. (AC +12)
You are immune to poison.
Your large and strong wings let you fly.
You resist negative energy. (rN+)
You are resistant to electric shocks. (rElec)
You are resistant to unholy torment.
You are immune to petrification.
Your spells are a little easier to cast, but a little less powerful.


Message History

* * * LOW HITPOINT WARNING * * *
You are splashed with acid!
* * * LOW HITPOINT WARNING * * *
The goliath frog hits you but does no damage.
You block the goliath frog's attack.
You see here a tyrant leech corpse.
Your skin crawls.
You feel strong-willed.
The goliath frog hits you but does no damage.
You block the goliath frog's attack. The eight-headed hydra misses you.
You block the eight-headed hydra's attack. x2
The eight-headed hydra bites you but does no damage.
The eight-headed hydra barely misses you.
The eight-headed hydra closely misses you.
The eight-headed hydra bites you!
* * * LOW HITPOINT WARNING * * *
You block the eight-headed hydra's attack.
The goliath frog barely misses you. You block the goliath frog's attack.
The eight-headed hydra bites you but does no damage.
The eight-headed hydra closely misses you.
The eight-headed hydra bites you but does no damage.
You block the eight-headed hydra's attack.
The eight-headed hydra bites you but does no damage. x2
The eight-headed hydra bites you.
* * * LOW HITPOINT WARNING * * *
The eight-headed hydra bites you.
* * * LOW HITPOINT WARNING * * *
You are confused.
You feel invigorated.
The goliath frog hits you but does no damage.
The goliath frog hits you from afar.
* * * LOW HITPOINT WARNING * * *
You are splashed with acid!
* * * LOW HITPOINT WARNING * * *
The eight-headed hydra bites you but does no damage. x3
The eight-headed hydra barely misses you.
The eight-headed hydra bites you but does no damage. x3
The eight-headed hydra closely misses you.
The goliath frog hits you!
You die...

~.~~~.~..~.~...~....~~~.....~....
~~.~.~.........~.......~~~~..~...
~~.........~..~~~~.~....~~..♣~~..
♣♣~♣♣~..~♣(..............~...~~~♣
♣♣♣....~..####.©.####.......♣.♣♣
♣♣.♣.♣.##..##### .###.....~♣♣
♣♣♣♣♣♣♣..#...$)??).#..##..~...♣
♣♣.♣♣ ♣.##.##.F=###....#..~~~♣♣♣
..♣.♣ ♣.#....:#@[...#.##...~~~.♣
...♣♣♣ ♣.#W.##.D©..#..©#....♣...~
§.♣♣~♣ ♣.#.....F#..##..#.~...♣.~♣
§.♣♣~♣♣♣.##...#...#....#.~....~.♣
)~~♣..>...#....#...$..##.♣~..♣~♣♣
.~.♣~..~..#####..###.##..♣...♣♣♣
~~..~♣.~♣.....####©###..♣♣~.§♣
.~..♣♣♣..♣♣♣...........♣♣♣.§.♣♣
...♣♣ ♣♣.♣♣~~~♣♣....♣♣♣♣♣.~.~.♣


You could see an eight-headed hydra and 2 goliath frogs.

Vanquished Creatures
  A tentacled monstrosity (Swamp:1)
  2 liches (Abyss:3)
  2 tentacled starspawn (Abyss:3)
  A fire giant (D:15)
  The ghost of Turbonekonecno the Unseen, an adept SpEn of Makhleb (Swamp:2)
  An ironbound preserver (D:13)
  An eleionoma (Swamp:2)
  A bunyip (Swamp:1)
  The ghost of Bnni the Spear-Bearer, a journeyman FoFi of Yredelemnul (D:13)
  6 hydras
  A caustic shrike simulacrum (Abyss:3)
  Harold (Lair:1)
  6 ogre magi
  9 centaur warriors
  A ghost crab (Swamp:1)
  An alligator (Swamp:2)
  3 catoblepae (Lair:5)
  5 boulder beetles
  23 two-headed ogres
  4 tengu warriors
  14 death yaks (Lair:5)
  The ghost of bdfhjk the Thaumaturge, a novice DESu of Vehumet (D:9)
  Nergalle (D:12)
  A sixfirhy (Abyss:3)
  A skeletal warrior (D:13)
  2 goliath frogs
  3 skysharks
  4 swamp dragons
  7 bog bodies
  2 phantasmal warriors (D:13)
  A deep elf archer (D:13)
  3 deep elf pyromancers
  6 cyclopes
  3 manticores
  2 orc sorcerers
  2 will-o-the-wisps
  11 ugly things
  A moth of wrath (Swamp:2)
  Maurice (Orc:1)
  3 black mambas
  8 elephants
  A black mamba (shapeshifter) (D:14)
  A cane toad (shapeshifter) (D:15)
  2 gargoyles
  3 efreet
  3 unseen horrors
  5 rime drakes
  13 cane toads
  3 kobold demonologists
  A queen bee (Lair:1)
  An ancient zyme (Abyss:3)
  4 freezing wraiths (D:13)
  13 komodo dragons
  2 tengu conjurers
  2 meliai (D:15)
  A meliai (shapeshifter) (D:15)
  6 tyrant leeches
  10 trolls
  A polar bear (Lair:3)
  9 hornets
  12 blink frogs
  A dream sheep (shapeshifter) (D:13)
  4 vampires
  10 slime creatures
  2 shadows
  7 wyverns
  2 wraiths
  3 starcursed masses (Abyss:3)
  12 spriggans
  An unseen horror simulacrum (D:10)
  7 basilisks
  63 yaks
  A neqoxec (Swamp:1)
  A chaos spawn (Abyss:3)
  A steam dragon (D:8)
  9 vampire mosquitoes
  6 swamp worms
  3 large abominations (Abyss:3)
  A warg (Orc:2)
  4 acid dragons
  18 water moccasins
  17 orc warriors
  2 black bears
  5 sky beasts
  2 swamp drakes (Swamp:1)
  An ice beast (D:6)
  24 ogres
  12 wolves
  3 boggarts (D:15)
  15 centaurs
  A phantom (D:5)
  7 kobold brigands
  6 gnoll sergeants
  4 necrophages (Lair:4)
  A small abomination (Abyss:3)
  Blork the orc (D:6)
  7 bullfrogs
  4 scorpions
  9 wights (D:8)
  37 killer bees
  8 electric eels
  8 howler monkeys
  4 crimson imps (D:12)
  3 gnoll boudas
  5 hounds
  Crazy Yiuf (D:2)
  17 orc priests
  3 jellies
  3 sleepcaps
  3 iguanas
  13 orc wizards
  29 gnolls
  11 adders
  5 white imps
  2 ufetubi (D:5)
  2 dart slugs
  67 orcs
  8 endoplasms
  3 giant cockroaches
  8 goblins
  A hobgoblin (D:4)
  2 jackals (D:2)
  12 kobolds
  5 quokkas
  5 ball pythons
  4 bats (D:1)
  3 frilled lizards
  13 rats
  3 starspawn tentacles (Abyss:3)
806 creatures vanquished.

Vanquished Creatures (collateral kills)
  Roxanne (D:15)
  Aizul (Swamp:1)
  An ogre mage (D:15)
  2 two-headed ogres (D:15)
  A slime creature (D:15)
  A vampire mosquito (D:15)
  An orc warrior (D:14)
  An ogre (D:15)
  An orc priest (D:14)
  3 orcs (D:14)
13 creatures vanquished.

Vanquished Creatures (others)
  A bog body (Swamp:1)
  A large abomination (Abyss:3)
  3 bloated husks (Swamp:1)
  A chaos spawn (Abyss:3)
  A swamp worm (Swamp:1)
  A swamp drake (Swamp:2)
  8 foxfires
  5 starspawn tentacles (Abyss:3)
21 creatures vanquished.

Grand Total: 840 creatures vanquished

Notes
Turn   | Place    | Note
-------+----------+-------------------------------------------
     0 | D:1      | Gargoyl the Gargoyle Berserker began the quest for the Orb.
     0 | D:1      | Reached XP level 1. HP: 14/14 MP: 1/1
    21 | D:1      | Found a faded altar of an unknown god.
   210 | D:1      | Reached skill level 3 in Axes
   210 | D:1      | Reached XP level 2. HP: 19/19 MP: 2/2
   643 | D:2      | Reached XP level 3. HP: 15/23 MP: 3/3
   753 | D:2      | Found Nonan's Weapon Boutique.
   761 | D:2      | Bought a +0 war axe for 45 gold pieces
   775 | D:2      | Reached ** piety under Trog
   995 | D:2      | Reached XP level 4. HP: 25/29 MP: 4/4
  1078 | D:2      | Found a runed translucent door.
  1079 | D:2      | Noticed Crazy Yiuf
  1208 | D:2      | Killed Crazy Yiuf
  1209 | D:2      | Reached skill level 4 in Axes
  1338 | D:3      | Reached XP level 5. HP: 33/33 MP: 5/5
  2329 | D:4      | Noticed an ogre
  2333 | D:4      | Killed an ogre
  2334 | D:4      | Reached XP level 6. HP: 38/38 MP: 6/6
  2548 | D:4      | Reached skill level 5 in Axes
  2548 | D:4      | Reached skill level 1 in Shields
  2650 | D:4      | Found a one-way gate to the infinite horrors of the Abyss.
  2668 | D:4      | Found a transporter.
  2670 | D:4      | Noticed ouz's ghost (amateur VSBr)
  2683 | D:4      | Found a white marble altar of Elyvilon.
  2754 | D:4      | Reached XP level 7. HP: 43/43 MP: 7/7
  2917 | D:4      | Found a transporter.
  3173 | D:5      | Entered Level 5 of the Dungeon
  3439 | D:5      | Identified the +0 tower shield "Dyzyog" {rPois}
  3793 | D:5      | Reached skill level 6 in Axes
  3799 | D:5      | Reached XP level 8. HP: 48/48 MP: 8/8
  4158 | D:6      | Identified the ring "Utischaegh" {Wiz rF+}
  4246 | D:6      | Reached skill level 5 in Armour
  4345 | D:6      | Reached skill level 7 in Axes
  4482 | D:6      | Reached skill level 5 in Fighting
  4512 | D:6      | Found a hazy altar of Hepliaklqana.
  4655 | D:6      | Noticed a gargoyle
  4668 | D:6      | Killed a gargoyle
  4669 | D:6      | Reached skill level 8 in Axes
  4669 | D:6      | Reached XP level 9. HP: 54/54 MP: 9/9
  4708 | D:6      | Reached *** piety under Trog
  4716 | D:6      | Identified the +0 robe of the Unbroken {rF+++ MP-9 Int+2
                  | Stlth+}
  4766 | D:6      | Noticed Blork the orc
  4778 | D:6      | Killed Blork the orc
  5747 | D:7      | Reached skill level 9 in Axes
  5882 | D:7      | Found Yfiuq's Gadget Gallery.
  5902 | D:7      | Found a staircase to the Ecumenical Temple.
  6461 | D:8      | Reached XP level 10. HP: 57/61 MP: 10/10
  6705 | D:8      | Found a hide-covered altar of Uskayaw.
  6705 | D:8      | Found a stormy altar of Qazlal.
  6707 | D:8      | Found a snail-covered altar of Cheibriados.
  6716 | D:8      | Found a sparkling altar of Nemelex Xobeh.
  6719 | D:8      | Found an ornate altar of the Wu Jian Council.
  6858 | D:8      | Reached skill level 5 in Shields
  7100 | D:9      | Noticed a two-headed ogre
  7109 | D:9      | Killed a two-headed ogre
  7110 | D:9      | Reached skill level 10 in Axes
  7116 | D:9      | Reached **** piety under Trog
  7177 | D:9      | Noticed a centaur warrior
  7470 | D:9      | Killed a centaur warrior
  7471 | D:9      | Reached skill level 1 in Stealth
  7533 | D:9      | Found a runed translucent gate.
  7533 | D:9      | Found a runed translucent gate.
  7533 | D:9      | Found a runed translucent gate.
  7535 | D:9      | Found an opulent altar of Gozag.
  7535 | D:9      | Noticed a cyclops
  7536 | D:9      | Noticed bdfhjk's ghost (novice DESu)
  7537 | D:9      | Noticed an ogre mage
  7550 | D:9      | Reached XP level 11. HP: 68/68 MP: 11/11
  7601 | D:9      | Gained mutation: You have large cloven feet. [potion of
                  | mutation]
  7601 | D:9      | Gained mutation: You are strong-willed. (Will+) [potion of
                  | mutation]
  7601 | D:9      | Gained mutation: You have a pair of small horns on your
                  | head. [potion of mutation]
  7787 | D:9      | Found a sacrificial altar of Ru.
  8005 | D:9      | Found Appuoxtyhu's Assorted Antiques.
  8014 | D:9      | Killed an ogre mage
  8017 | D:9      | Killed a cyclops
  8018 | D:9      | Reached skill level 11 in Axes
  8034 | D:9      | Killed bdfhjk's ghost
  8059 | D:9      | Bought a scroll labelled FASHRI VAVVOUNO for 25 gold pieces
  8089 | D:10     | Entered Level 10 of the Dungeon
  8161 | D:10     | Found a portal to a secret trove of treasure.
  8345 | D:10     | Noticed a two-headed ogre
  8363 | D:10     | Killed a two-headed ogre
  8636 | D:10     | Found a runed translucent door.
  8637 | D:10     | Found a runed translucent door.
  8637 | D:10     | Noticed a boulder beetle
  8637 | D:10     | Noticed a two-headed ogre
  8638 | D:10     | Found a runed translucent door.
  8648 | D:10     | Killed a two-headed ogre
  8788 | D:10     | Killed a boulder beetle
  8789 | D:10     | Reached XP level 12. HP: 50/75 MP: 12/12
  8873 | D:10     | Reached skill level 12 in Axes
  9480 | D:10     | Noticed a boulder beetle
  9480 | D:10     | Noticed a four-headed hydra
  9480 | D:10     | Noticed a tengu warrior
  9481 | D:10     | Noticed a centaur warrior
  9493 | D:10     | Killed a one-headed hydra
  9623 | D:10     | Killed a centaur warrior
  9628 | D:10     | Killed a tengu warrior
 10018 | D:10     | Killed a boulder beetle
 10071 | D:10     | Identified the +3 orcbow "Jeujis" {heavy, rF- Int+7}
 10075 | D:10     | Identified the +1 glaive of the Shouting Enemy {holy, rC++
                  | Will+}
 10203 | D:11     | Reached skill level 1 in Long Blades
 10277 | D:11     | Reached skill level 10 in Shields
 10283 | D:11     | Reached skill level 5 in Dodging
 10693 | D:11     | Reached skill level 13 in Axes
 10752 | D:11     | Found Toruuvidd's Weapon Shoppe.
 10756 | D:11     | Found a staircase to the Orcish Mines.
 10756 | D:11     | Found Ynotoeceo's Armour Shoppe.
 10790 | D:11     | Identified the +6 plate armour of Cijun {rF+}
 10815 | D:11     | Bought a scarf of repulsion for 120 gold pieces
 10840 | D:11     | Found a staircase to the Lair.
 10862 | D:11     | Reached XP level 13. HP: 64/80 MP: 13/13
 11248 | D:12     | Found Cen Kumune's Distillery.
 11721 | D:12     | Noticed Nergalle
 11731 | D:12     | Killed Nergalle
 11892 | D:12     | Found a shimmering altar of Xom.
 11903 | D:12     | Reached skill level 10 in Fighting
 12041 | Lair:1   | Entered Level 1 of the Lair of Beasts
 12049 | Lair:1   | Reached skill level 10 in Armour
 12511 | Lair:1   | Noticed Harold
 12522 | Lair:1   | Killed Harold
 12754 | Lair:2   | Found a staircase to the Swamp.
 12928 | Lair:2   | Reached skill level 14 in Axes
 13242 | Lair:2   | Reached skill level 1 in Throwing
 14112 | Lair:3   | Gained mutation: Your large and strong wings let you fly.
                  | [Gargoyle growth]
 14112 | Lair:3   | Reached XP level 14. HP: 88/88 MP: 14/14
 14300 | Lair:3   | Found a hole to the Spider Nest.
 14799 | Lair:4   | Found a viscous altar of Jiyva.
 14799 | Lair:4   | Found a staircase to the Slime Pits.
 14868 | Lair:4   | Reached ***** piety under Trog
 15365 | Lair:4   | Reached skill level 15 in Axes
 15872 | Lair:5   | Entered Level 5 of the Lair of Beasts
 17160 | Lair:5   | Reached XP level 15. HP: 91/96 MP: 15/15
 18030 | D:13     | Reached skill level 16 in Axes
 18239 | D:13     | Found a runed translucent gate.
 18239 | D:13     | Found a runed translucent gate.
 18240 | D:13     | Found a runed translucent gate.
 18243 | D:13     | Noticed Bnni's ghost (journeyman FoFi)
 18683 | D:13     | Found a gate to the Vaults.
 18843 | D:13     | Killed Bnni's ghost
 19127 | D:14     | Found a shadowy altar of Dithmenos.
 19366 | D:14     | Received a gift from Trog
 19478 | D:15     | Entered Level 15 of the Dungeon
 19955 | D:15     | Found a stormy altar of Qazlal.
 20019 | D:15     | Reached XP level 16. HP: 104/104 MP: 16/16
 20042 | D:15     | Found a staircase to the Depths.
 20210 | D:15     | Reached skill level 15 in Shields
 20320 | D:15     | Noticed Roxanne
 20618 | D:15     | Killed Roxanne
 20971 | Orc:1    | Entered Level 1 of the Orcish Mines
 21226 | Orc:1    | Noticed Maurice
 21242 | Orc:1    | Killed Maurice
 21445 | Orc:2    | Entered Level 2 of the Orcish Mines
 21523 | Orc:2    | Found a staircase to the Elven Halls.
 21808 | Orc:2    | Found Wytrizor's Magic Scroll Boutique.
 21808 | Orc:2    | Found Abeyppud's Armour Shoppe.
 21809 | Orc:2    | Found Ziabaipt's Antique Weapon Shoppe.
 21809 | Orc:2    | Found Vatifean's Assorted Antiques.
 21846 | Orc:2    | Bought a glowing broad axe for 210 gold pieces
 21848 | Orc:2    | Bought a scroll of teleportation for 39 gold pieces
 21848 | Orc:2    | Bought a scroll of enchant weapon for 97 gold pieces
 21849 | Orc:2    | Bought a +2 pair of gloves of strength for 258 gold pieces
 22352 | Swamp:1  | Entered Level 1 of the Swamp
 22489 | Swamp:1  | Noticed a tentacled monstrosity
 22748 | Abyss:3  | Cast into level 3 of the Abyss (spriggan rider)
 22821 | Abyss:3  | Received a gift from Trog
 22846 | Abyss:3  | Noticed a tentacled starspawn
 22853 | Abyss:3  | Killed a tentacled starspawn
 22854 | Abyss:3  | Noticed a tentacled starspawn
 22870 | Abyss:3  | Killed a tentacled starspawn
 22896 | Abyss:3  | Noticed a lich
 22903 | Abyss:3  | Killed a lich
 22904 | Abyss:3  | Reached skill level 17 in Axes
 22919 | Abyss:3  | Noticed a lich
 22942 | Abyss:3  | Killed a lich
 22943 | Abyss:3  | Reached XP level 17. HP: 98/112 MP: 17/17
 22957 | Abyss:3  | Gained mutation: Armour fits poorly on your strangely
                  | shaped body. [a neqoxec]
 22959 | Swamp:1  | Escaped the Abyss
 22999 | Swamp:1  | Lost mutation: You are strong-willed. (Will+) [potion of
                  | mutation]
 22999 | Swamp:1  | Lost mutation: You have large cloven feet. [potion of
                  | mutation]
 22999 | Swamp:1  | Gained mutation: You are dopey. (Int -2) [potion of
                  | mutation]
 22999 | Swamp:1  | Gained mutation: You are very dopey. (Int -4) [potion of
                  | mutation]
 23000 | Swamp:1  | Lost mutation: You have a pair of small horns on your head.
                  | [potion of mutation]
 23000 | Swamp:1  | Lost mutation: You are very dopey. (Int -4) [potion of
                  | mutation]
 23000 | Swamp:1  | Lost mutation: You are dopey. (Int -2) [potion of mutation]
 23000 | Swamp:1  | Lost mutation: Armour fits poorly on your strangely shaped
                  | body. [potion of mutation]
 23000 | Swamp:1  | Gained mutation: Your spells are a little easier to cast,
                  | but a little less powerful. [potion of mutation]
 23282 | Swamp:1  | Killed a tentacled monstrosity
 23424 | Swamp:1  | Found an ancient bone altar of Kikubaaqudgha.
 23522 | Swamp:1  | Noticed Aizul
 23564 | Swamp:1  | Killed Aizul
 24175 | Swamp:2  | Found a transporter.
 24226 | Swamp:2  | Found a transporter.
 24230 | Swamp:2  | Noticed Turbonekonecno's ghost (adept SpEn)
 24776 | Swamp:2  | Killed Turbonekonecno's ghost
 24777 | Swamp:2  | Reached skill level 15 in Fighting
 24781 | Swamp:2  | Slain by a goliath frog

Illustrated notes

Levels and vault maps discovered:
D:1:      psy_arrival_conway, layout_basic, ebering_ecumenical_altar_sacrificial
D:2:      layout_rooms, serial_shops, shop, grunt_ministairs_14,
          uniq_crazy_yiuf_cottage
D:3:      layout_basic
D:4:      layout_gridville, mainiacjoe_overflow_small_starburst,
          gammafunk_ghost_abyssal_escape
D:5:      layout_basic
D:6:      layout_layer_cave, mainiacjoe_overflow_six_doors_small,
          hangedman_decor_opposing, abandoned_shop, minivault_22,
          grunt_ministairs_7, minmay_alternating_orb, uniq_blork_the_orc
D:7:      layout_basic, temple_statues, nicolae_shop_gadgets
D:8:      layout_cave_pools, minmay_overflow_temple_star_hex,
          minmay_misc_feat_tower
D:9:      layout_cave_pools, hangedman_ru_absence, ebering_ghost_gozag
D:10:     minmay_the_grid_triangle_9x9_rhombus_full
          [minmay_the_grid_triangle_9x9_cache,
          minmay_the_grid_triangle_9x9_swiss_cheese,
          minmay_the_grid_triangle_9x9_limited_checkers,
          minmay_the_grid_triangle_9x9_wacky_v,
          minmay_the_grid_triangle_9x9_alien,
          minmay_the_grid_triangle_9x9_fully_insulated_deathbox,
          minmay_the_grid_triangle_9x9_from_above,
          minmay_the_grid_triangle_9x9_prize_insulated], layout_rooms,
          nicolae_trove_entry_diagonal
D:11:     layout_rooms, erik_lair_island, orc_david_3, serial_corexii_hall,
          chequers_hall_statues_wall_a, corexii_hall_statues_deadend
D:12:     layout_basic, serial_shops, shop, led_xom_imps, uniq_nergalle
D:13:     layout_basic, skrybe_vaults_entry_preservation,
          gammafunk_ghost_spectres, minivault_25_ag
D:14:     layout_roguey [special_room_orc], serial_rivers,
          chequers_serial_rivers_small_b, chequers_serial_rivers_micro_c,
          chequers_serial_rivers_small_b, chequers_serial_rivers_micro_a,
          nicolae_dithmenos_shadow_blocks
D:15:     grunt_enter_depths_giant_problem, layout_rooms,
          nicolae_qazlal_eye_of_the_storm, uniq_roxanne
Lair:1:   layout_roguey [special_room_bee], uniq_harold
Lair:2:   layout_long_grid, minmay_swamp_entry_worms
Lair:3:   layout_long_grid, dummy_spider_entry, wad_woods_02,
          infiniplex_staircase_pool_2, wad_woods_river_01
Lair:4:   layout_regular_city, slime_entry_1, minmay_hedge_maze,
          roderic_carrion_pond
Lair:5:   evilmike_catoblepas_cave, layout_regular_city, st_stairs_6,
          disabler_island, lemuel_fruit_tree, grunt_megastairs_4,
          infiniplex_staircase_pool, serial_bayou_shore_b, serial_bayou_shore_b
Swamp:1:  layout_basic_swamp, evilmike_swamp_ruin_house_4, swamp_pool1,
          grunt_ruined_hall, uniq_aizul
Swamp:2:  layout_falls_marsh, gammafunk_ghost_berserking_beasts,
          evilmike_swamp_ruin_house_3
Orc:1:    layout_caves, basic_altar, uniq_maurice
Orc:2:    st_orc_ogre_mass, layout_diamond_mine, nicolae_orc_bridge_out

Skill      XL: |  1  2  3  4  5  6  7  8  9 10 11 12 13 14 15 16 17 |
---------------+----------------------------------------------------+-----
Axes           | 3 4 5 6 8 9 10 11 13 14 15 16 17 | 17.2
Dodging        | 2 3 4 5 |  5.6
Armour         | 3 4 5 6 8 9 10 11 12 13 | 13.5
Fighting       | 4 5 6 7 8 9 10 11 13 14 15 | 15.0
Shields        | 1 2 3 4 6 8 10 12 13 14 16 | 16.9
Stealth        | 1 2 |  2.6
Long Blades    | 1 2 |  2.3
Throwing       | 1 |  1.0
Polearms       | |  0.8

Action                     |  1- 3 |  4- 6 |  7- 9 | 10-12 | 13-15 | 16-18 || total
---------------------------+-------+-------+-------+-------+-------+-------++-------
  Melee: Hand axe          |    54 |       |       |       |       |       ||    54
         War axe           |    25 |    94 |   245 |   467 |   910 |   623 ||  2364
         Punch             |     1 |       |       |       |       |       ||     1
         Kick              |       |       |       |   122 |   351 |   143 ||   616
         Headbutt          |       |       |       |    78 |   240 |   107 ||   425
         Spear             |       |       |       |    16 |       |       ||    16
         Scimitar          |       |       |       |     5 |    15 |       ||    20
  Throw: Dart              |       |       |       |     4 |    10 |       ||    14
 Invoke: Berserk           |     3 |     4 |     8 |    18 |    19 |    13 ||    65
         Trog's Hand       |       |     2 |     1 |    14 |    15 |    15 ||    47
         Brothers in Arms  |       |       |       |       |     3 |     2 ||     5
    Use: Scroll            |     2 |     4 |     7 |    12 |    11 |    10 ||    46
         Potion            |       |       |       |     4 |       |     4 ||     8
   Stab: Distracted        |       |       |       |       |     1 |       ||     1
         Confused          |       |       |       |       |       |     2 ||     2
 Armour: Animal skin       |    23 |       |       |       |       |       ||    23
         Chain mail        |    71 |    61 |   168 |    58 |       |       ||   358
         Scale mail        |       |       |       |   218 |       |       ||   218
         Plate armour      |       |       |       |     3 |   598 |   365 ||   966
  Dodge: Dodged            |    60 |    39 |    73 |   199 |   236 |   127 ||   734
         Repelled          |       |       |       |       |       |     3 ||     3
  Block: Kite shield       |       |    47 |    32 |       |       |       ||    79
         Tower shield      |       |       |   131 |   500 |   876 |   526 ||  2033

Table legend: (Time is in decaauts)
 A = Elapsed time spent in this place.
 B = Non-inter-level travel time spent in this place.
 C = Inter-level travel time spent in this place.
 D = Time resting spent in this place.
 E = Time spent auto-exploring this place.
 F = Levels seen in this place.
 G = Mean time per level.
                   A        B        C        D        E       F      G
               +--------+--------+--------+--------+--------+-----+--------+
         Total |  25351 |  24378 |    973 |   2459 |  15728 |  25 | 1014.0 |
       Dungeon |  15649 |  15074 |    575 |   1620 |   9630 |  15 | 1043.3 |
          Lair |   5993 |   5732 |    261 |    398 |   4022 |   5 | 1198.6 |
         Swamp |   2220 |   2135 |     85 |    384 |   1226 |   2 | 1110.0 |
  Orcish Mines |   1283 |   1232 |     51 |     44 |    800 |   2 |  641.5 |
         Abyss |    205 |    205 |      0 |     12 |     49 |   1 |  205.0 |
               +--------+--------+--------+--------+--------+-----+--------+

Top non-repeatable levels by time:
    D:10: 2187 daAuts
  Lair:5: 1633 daAuts
     D:6: 1623 daAuts
  Lair:4: 1460 daAuts
 Swamp:1: 1315 daAuts
    D:15: 1201 daAuts
  Lair:2: 1099 daAuts
     D:8: 1069 daAuts
     D:3: 1066 daAuts
  Lair:3: 1064 daAuts
    D:11: 1004 daAuts
    D:12: 979 daAuts
    D:13: 955 daAuts
     D:5: 954 daAuts
 Swamp:2: 904 daAuts
